 Dungeon Crawl Stone Soup version 0.31-a0-198-g2ad674f65e (webtiles) character file.

Game seed: 4780564802459446986

26 qw the Shooter (level 2, -6/16 HPs)
             Began as a Deep Elf Hunter on June 25, 2023.
             Mangled by Sigmund
             ... wielding a +0 scythe
              (9 damage)
             ... on level 2 of the Dungeon.
             The game lasted 00:00:19 (736 turns).

qw the Shooter (Deep Elf Hunter)                     Turns: 736, Time: 00:00:19

Health: -6/16      AC:  6    Str:  5 (8)  XL:     2   Next: 89%
Magic:  4/4        EV:  6    Int: 11 (13) God:
Gold:   37         SH:  0    Dex: 15 (18) Spells: 1/1 levels left

rFire   . . .        Y - +0 shortbow
rCold   . . .        (shield currently unavailable)
rNeg    . . .        i - +0 scale mail
rPois   .            (no helmet)
rElec   .            (no cloak)
rCorr   .            (no gloves)
SInv    .            (no boots)
Will    .....        (no amulet) Stlth
                     (no ring)
HPRegen 0.22/turn    (no ring)
MPRegen 0.09/turn

%: no passive effects
@: no status effects
A: no striking features
a: no special abilities


You were on level 2 of the Dungeon.
You visited 1 branch of the dungeon, and saw 2 of its levels.

You collected 37 gold pieces.


   Skills:
 - Level 1.5 Fighting
 + Level 6.6 Ranged Weapons
 - Level 2.4 Dodging
 - Level 1.2 Stealth


You had one spell level left.
You didn't know any spells.
Your spell library was empty.

Inventory:

Hand Weapons
 Y - a +0 shortbow (weapon)
Armour
 i - a +0 scale mail (worn)
Potions
 e - a potion of brilliance {unknown}
 h - a potion of curing {unknown}

Dungeon Overview and Level Annotations

Branches:
Dungeon (2/15)

Altars:
Sif Muna

Annotations:
D:2 Sigmund


Message History

You kill the bat!
You see here a bat corpse.
Found an Inescapable Atlas.
You see here an Inescapable Atlas.
You see here an Inescapable Atlas.
Found a shimmering blue altar of Sif Muna.
Sigmund the Dreaded comes into view.
He is wielding a +0 scythe.
Sigmund shouts!
You shoot an arrow. The arrow hits Sigmund.
Sigmund is lightly wounded.
You shoot an arrow. The arrow hits Sigmund.
Sigmund is moderately wounded.
Sigmund casts a spell at you. You resist with significant effort.
You shoot an arrow. The arrow closely misses Sigmund.
Sigmund barely misses you.
You shoot an arrow. The arrow hits Sigmund.
Sigmund is moderately wounded.
Sigmund barely misses you.
You shoot an arrow. The arrow barely misses Sigmund.
Sigmund hits you from afar with a +0 scythe!
Ouch! That really hurt!
Sigmund casts a spell.
Sigmund flickers and vanishes!
Deactivating autopickup; reactivate with Ctrl-A.
Autopickup is now on.
You start resting.
Something hits you!
Ouch! That really hurt!
Deactivating autopickup; reactivate with Ctrl-A.
Autopickup is now on.
You start resting.
Something hits you but does no damage.
Deactivating autopickup; reactivate with Ctrl-A.
You shoot an arrow. Something hits you but does no damage.
You shoot an arrow. Something hits you!
Ouch! That really hurt!
You die...

... ... #.#
#.# ### #.#
####.# #{#
#..:.# #.#
#.##.#
#{#####.####
#..@...%...#
#######.####
#.### #...#
###.# #.#
#.# #.# .#
#.# #.# ###


There were no monsters in sight!

Vanquished Creatures
  A dart slug (D:1)
  A ball python (D:1)
  3 endoplasms (D:1)
  2 giant cockroaches (D:1)
  2 goblins
  A hobgoblin (D:1)
  A quokka (D:1)
  6 bats
  2 frilled lizards (D:1)
  2 kobolds (D:1)
  2 rats (D:1)
23 creatures vanquished.

Notes
Turn   | Place    | Note
-------+----------+-------------------------------------------
     0 | D:1      | qw the Deep Elf Hunter began the quest for the Orb.
     0 | D:1      | Reached XP level 1. HP: 12/12 MP: 3/3
     0 | D:1      | 0 ||| qw: Version: 0.3-a-22-g0ed2b0b
     0 | D:1      | 0 ||| qw: Game counter: 4907
     0 | D:1      | 0 ||| qw: Melee chars always use a shield: true
     0 | D:1      | 0 ||| qw: God list: Okawaru
     0 | D:1      | 0 ||| qw: Allow faded altars: false
     0 | D:1      | 0 ||| qw: Do Orc after clearing Dungeon:15 true
     0 | D:1      | 0 ||| qw: Do second Lair branch before Depths: true
     0 | D:1      | 0 ||| qw: Lair rune preference: random
     0 | D:1      | 0 ||| qw: Goals: Normal
     0 | D:1      | 0 ||| PLANNING D:1-11
    94 | D:1      | Found a faded altar of an unknown god.
   225 | D:1      | Reached skill level 6 in Ranged Weapons
   225 | D:1      | Reached XP level 2. HP: 16/16 MP: 4/4
   602 | D:1      | 602 ||| UPGRADING to +0 scale mail.
   612 | D:1      | 612 ||| DROPPING +0 leather armour.
   613 | D:1      | 613 ||| READING 2 scrolls labelled KULAZY AHATE.
   614 | D:1      | 614 ||| READING scroll labelled OHIKHL QURAF.
   617 | D:1      | 617 ||| READING scroll labelled YTOUN ZEPERUNA.
   618 | D:1      | 618 ||| DRINKING 4 fizzy coppery potions.
   619 | D:1      | 619 ||| DROPPING scroll of amnesia.
   620 | D:1      | 620 ||| DROPPING scroll of butterflies.
   621 | D:1      | 621 ||| DROPPING 3 potions of degeneration.
   720 | D:2      | Found a shimmering blue altar of Sif Muna.
   721 | D:2      | Noticed Sigmund
   733 | D:2      | HP: 2/16 [something (8)]
   736 | D:2      | Mangled by Sigmund

Levels and vault maps discovered:
D:1:      dpeg_arrival_stone_temple_mockup, layout_basic,
          dreamdust_ecumenical_altar_statues, chequers_serial_rivers_large_a,
          kennysheep_decorative_pillar
D:2:      layout_loops_ring, basic_altar, uniq_robin, uniq_crazy_yiuf_cottage,
          uniq_sigmund

Skill      XL: |  1 |
---------------+----+-----
Ranged Weapons | 6 |  6.6
Fighting       | |  1.5
Dodging        | |  2.4
Stealth        | |  1.2

Action                     || total
---------------------------++-------
   Fire: Shortbow          ||    70
    Use: Scroll            ||     3
         Potion            ||     1
 Armour: Leather armour    ||     8
         Scale mail        ||     7
  Dodge: Dodged            ||    28

Table legend:
 A = Non-vault XP
 B = Vault XP
 C = Vault XP percentage of total XP
 D = Non-vault monster count
 E = Vault monster count
 F = Vault count percentage of total count
                 A         B        C        D         E       F
            +---------+---------+-------+---------+---------+-------
      Total |      38 |       0 |   0.0 |      23 |       0 |   0.0
            +---------+---------+-------+---------+---------+-------
        D:1 |      33 |       0 |   0.0 |      20 |       0 |   0.0
        D:2 |       5 |       0 |   0.0 |       3 |       0 |   0.0
            +---------+---------+-------+---------+---------+-------
